 Dungeon Crawl Stone Soup version 0.31-a0-246-g8cbcc1cb85 (webtiles) character file.

Game seed: 13320380385884873841

3157 Newt the Thrower (level 9, 0/68 HPs)
             Began as a Demonspawn Gladiator on July 12, 2023.
             Was an Initiate of Hepliaklqana.
             Succumbed to miscthings's ghost's poison
             ... on level 7 of the Dungeon.
             The game lasted 00:11:31 (9318 turns).

Newt the Thrower (Demonspawn Gladiator)             Turns: 9318, Time: 00:11:31

Health: 0/68       AC: 20    Str: 26      XL:     9   Next: 62%
Magic:  9/9        EV: 12    Int:  9      God:    Hepliaklqana [......]
Gold:   375        SH:  4    Dex: 10 (14) Spells: 8/8 levels left

rFire   + . .        q - +1 dagger (venom)
rCold   . . .        (no shield)
rNeg    . . .        D - +3 ring mail {rF+}
rPois   .            c - +0 helmet
rElec   .            (no cloak)
rCorr   .            (no gloves)
SInv    .            f - +0 pair of boots
Will    .....        j - amulet of the acrobat
Stlth   +            l - +6 ring of strength
HPRegen 0.31/turn    B - +4 ring of protection
MPRegen 0.11/turn

%: acrobat
@: lethally poisoned (0 -> -2)
A: claws 2, slimy green scales 1, icemail 1, condensation shield, camouflage 1
a: Renounce Religion


You were on level 7 of the Dungeon.
You worshipped Hepliaklqana.
Hepliaklqana was noncommittal.
You visited 2 branches of the dungeon, and saw 8 of its levels.

You collected 375 gold pieces.

Inventory:

Hand Weapons
 a - a +0 rapier
 q - a +1 dagger of venom (weapon)
Missiles
 e - 6 javelins
 h - 120 stones
 v - 8 poisoned darts
 y - 2 throwing nets
 A - 2 boomerangs
Armour
 b - a +0 leather armour
 c - a +0 helmet (worn)
 f - a +0 pair of boots (worn)
 t - a +0 leather armour of poison resistance
 D - a +3 ring mail of fire resistance (worn)
Jewellery
 j - an amulet of the acrobat (around neck)
 l - a +6 ring of strength (left claw)
 B - a +4 ring of protection (right claw)
Talismans
 g - a beast talisman
Wands
 d - a wand of light (1)
 E - a wand of flame (5)
Scrolls
 n - 3 scrolls of vulnerability
 o - 3 scrolls of teleportation
 s - a scroll of blinking
 u - 2 scrolls of poison
 w - a scroll of identify
 x - 2 scrolls of fear
Potions
 i - a potion of cancellation
 k - a potion of mutation
 m - a potion of brilliance
 p - 3 potions of degeneration
 r - 2 potions of attraction
 C - a potion of lignification


   Skills:
 - Level 5.0 Fighting
 - Level 2.6 Short Blades
 - Level 8.0 Throwing
 - Level 4.0 Dodging
 - Level 4.0 Evocations
 + Level 5.9 Shapeshifting


You had 8 spell levels left.
You didn't know any spells.
Your spell library contained the following spells:

 Spells                   Type           Power      Damage    Failure   Level
 Shock                    Conj/Air       0%         1d3       52%         1
 Wereblood                Tmut           0%         N/A       67%         2
 Call Canine Familiar     Summ           0%         N/A       88%         3
 Portal Projectile        Hex/Tloc       0%         N/A       88%         3
 Swiftness                Air            0%         N/A       88%         3
 Tukima's Dance           Hex            0%         N/A       88%         3
 Airstrike                Air            0%         2d(0-16)  99%         4
 Leda's Liquefaction      Hex/Erth       0%         N/A       99%         4
 Passage of Golubria      Tloc           0%         N/A       99%         4
 Irradiate                Conj/Tmut      0%         3d11      100%        5
 Yara's Violent Unravell  Hex/Tmut       0%         3d3       100%        5


Dungeon Overview and Level Annotations

Branches:
Dungeon (7/15)             Temple (1/1) D:6

Altars:
Ashenzari
Cheibriados
Dithmenos
Fedhas
Gozag
Hepliaklqana
Kikubaaqudgha
Makhleb
Okawaru
Qazlal
Ru
Sif Muna
Trog
Uskayaw
Vehumet
Xom

Shops:
D:1 (

Annotations:
D:7 1 transporter, miscthings's ghost, novice GnWn


Innate Abilities, Weirdness & Mutations

You have very sharp fingernails.
You are partially covered in slimy green scales. (AC +2)
A meltable icy envelope protects you from harm. (AC +4)
A meltable shield of frost defends you. (SH +4)
Your skin changes colour to match your surroundings (Stealth+).


Message History

You feel sick.
The quasit bites you but does no damage.
You block the quasit's attack. The quasit barely misses you.
Miscthings's ghost completely misses you.
Unknown command.
You miss the quasit.
The quasit is severely wounded.
The quasit bites you but does no damage.
The quasit claws you but does no damage. x2
Miscthings's ghost freezes you.
You are frozen!!
* * * LOW HITPOINT WARNING * * *
Okay, then.
Aiming: Bolt of Light
Press: ? - help, Shift-Dir - straight line, f - quasit, p - quasit
Aim: a quasit (51% to hit)
The bolt of light hits miscthings's ghost!
Miscthings's ghost is moderately damaged.
Miscthings's ghost is blinded.
The bolt of light hits the quasit!
You kill the quasit!
You feel less wooden.
Your +0 helmet unmelds from your body.
Your +0 pair of boots unmelds from your body.
Your +3 ring mail of fire resistance unmelds from your body.
You feel resistant to fire.
* * * LOW HITPOINT WARNING * * *
You feel sick. You block the quasit's attack. The quasit closely misses you.
The quasit claws you but does no damage.
Miscthings's ghost hits you but does no damage.
The quasit bites you.
* * * LOW HITPOINT WARNING * * *
You block the quasit's attack.
The quasit claws you but does no damage.
Unknown command.
Unknown command.
Okay, then.
Really quaff the potion of mutation?
You feel extremely strange.
Your skin functions as natural camouflage.
You die...

############
####..........#######
..##.##.........))..###
#.##.#..####.©.####...##
#.##.#.##..#####.5###..#
#......#.!...)$.@#..##.#
......##.##..=###W...#.#
#####.#.....#.....#.##.#
#.#..##..©..#...#..#
#.#....!.#..##..#.##
#.##...#...#W...#.#
#..#©...#..5...##.#
##.#####..###.##..#
#.....####©###..##


You could see a quasit and miscthings's ghost (blind).

Vanquished Creatures
  Eustachio (D:4)
  2 humans (D:7)
  Edmund (D:6)
  2 orc warriors
  4 black bears
  A sky beast (D:6)
  2 ogres
  A centaur (D:7)
  A kobold brigand (D:7)
  2 bullfrogs (D:7)
  A gnoll sergeant (D:6)
  5 scorpions
  4 quasits (D:7)
  2 hounds
  2 sleepcaps
  4 orc priests
  4 jellies
  7 iguanas
  6 orc wizards
  13 gnolls
  11 adders
  A shadow imp (D:7)
  2 ufetubi
  A worm (D:4)
  4 dart slugs
  20 orcs
  7 ball pythons
  7 bats
  6 endoplasms
  2 giant cockroaches
  9 goblins
  3 hobgoblins
  8 jackals (D:1)
  5 quokkas
  A frilled lizard (D:1)
  13 kobolds
  5 rats
170 creatures vanquished.

Notes
Turn   | Place    | Note
-------+----------+-------------------------------------------
     0 | D:1      | Newt the Demonspawn Gladiator began the quest for the Orb.
     0 | D:1      | Reached XP level 1. HP: 16/16 MP: 1/1
   122 | D:1      | Gained mutation: A meltable shield of frost defends you.
                  | (SH +4) [demonic ancestry]
   122 | D:1      | Reached XP level 2. HP: 23/23 MP: 2/2
   374 | D:1      | Found Fefochem's Weapon Boutique.
   478 | D:1      | Gained mutation: You are partially covered in slimy green
                  | scales. (AC +2) [demonic ancestry]
   478 | D:1      | Reached XP level 3. HP: 29/29 MP: 3/3
  1149 | D:2      | Reached XP level 4. HP: 38/38 MP: 4/4
  2161 | D:3      | Reached skill level 5 in Fighting
  2261 | D:3      | Reached skill level 2 in Throwing
  2302 | D:3      | Gained mutation: You have sharp fingernails. [demonic
                  | ancestry]
  2302 | D:3      | Reached XP level 5. HP: 29/44 MP: 5/5
  2460 | D:3      | Found a radiant altar of Vehumet.
  2461 | D:3      | Found a shimmering altar of Xom.
  2690 | D:4      | Found an ancient bone altar of Kikubaaqudgha.
  2719 | D:4      | Reached skill level 3 in Throwing
  3356 | D:4      | Noticed an ogre
  3364 | D:4      | Killed an ogre
  3365 | D:4      | Reached skill level 4 in Throwing
  3365 | D:4      | Reached skill level 1 in Evocations
  3365 | D:4      | Gained mutation: A meltable icy envelope protects you from
                  | harm. (AC +4) [demonic ancestry]
  3365 | D:4      | Reached XP level 6. HP: 50/51 MP: 6/6
  4088 | D:4      | Noticed Eustachio
  4119 | D:4      | Killed Eustachio
  4120 | D:4      | Reached XP level 7. HP: 31/56 MP: 7/7
  4397 | D:5      | Entered Level 5 of the Dungeon
  5275 | D:5      | Reached skill level 5 in Throwing
  5848 | D:5      | Gained mutation: You have very sharp fingernails. [demonic
                  | ancestry]
  5848 | D:5      | Reached XP level 8. HP: 62/62 MP: 8/8
  6129 | D:6      | Reached skill level 6 in Throwing
  6266 | D:6      | Found a bloodstained altar of Trog.
  6296 | D:6      | Reached skill level 7 in Throwing
  6774 | D:6      | Reached skill level 8 in Throwing
  6857 | D:6      | Reached skill level 1 in Shapeshifting
  6876 | D:6      | Found a staircase to the Ecumenical Temple.
  7072 | Temple   | Entered the Ecumenical Temple
  7267 | Temple   | Became a worshipper of Hepliaklqana the Forgotten
  7364 | D:6      | Noticed Edmund
  7383 | D:6      | Killed Edmund
  7528 | D:6      | Reached XP level 9. HP: 47/68 MP: 9/9
  8205 | D:7      | Found an iron altar of Okawaru.
  8561 | D:7      | Reached skill level 5 in Shapeshifting
  8621 | D:7      | Found a transporter.
  8636 | D:7      | Noticed miscthings's ghost (novice GnWn)
  8653 | D:7      | Found a transporter.
  9316 | D:7      | HP: 4/102 [frozen (26)]
  9317 | D:7      | HP: 1/68 [quasit (1)]
  9318 | D:7      | Gained mutation: Your skin changes colour to match your
                  | surroundings (Stealth+). [potion of mutation]
  9318 | D:7      | Succumbed to miscthings's ghost's poison

Illustrated notes

Levels and vault maps discovered:
D:1:      dpeg_arrival_tiny_b, layout_basic, serial_shops,
          nicolae_shop_bloodbath_and_beyond
D:2:      layout_basic, nicolae_the_louvre
D:3:      layout_loops_cross, nicolae_overflow_hidden_temple
D:4:      layout_cave_pods, kiku_gazebo_pond_becter, grunt_decor_resistance,
          grunt_ministairs_4, minmay_misc_feat_plants, uniq_eustachio
D:5:      layout_loops_cross, corexii_hall_statues_s
D:6:      layout_loops_ring, trog_ov_bears_minmay,
          minmay_temple_entry_drinking_statues, minmay_misc_feat_secret_circle,
          uniq_edmund
D:7:      layout_loops_ring, okawaru_humans, gammafunk_ghost_stat_death,
          minmay_misc_feat_hallway
Temple:   nicolae_temple_bog_church

Skill      XL: |  1  2  3  4  5  6  7  8  9 |
---------------+----------------------------+-----
Fighting       | 3 4 5 |  5.0
Throwing       | 2 4 5 8 |  8.0
Evocations     | 1 4 |  4.0
Dodging        | 4 |  4.0
Shapeshifting  | 2 5 |  5.9
Short Blades   | |  2.6

Action                     |  1- 3 |  4- 6 |  7- 9 || total
---------------------------+-------+-------+-------++-------
  Melee: Rapier            |   151 |   243 |   146 ||   540
         Punch             |     2 |     1 |     9 ||    12
         Dagger            |       |       |   404 ||   404
  Throw: Javelin           |     1 |     6 |     6 ||    13
         Throwing net      |     1 |     4 |       ||     5
  Evoke: Wand              |       |     1 |    13 ||    14
    Use: Scroll            |     2 |     7 |     6 ||    15
         Potion            |       |     1 |     7 ||     8
   Stab: Sleeping          |     1 |     2 |       ||     3
         Invisible         |       |     2 |     3 ||     5
         Held in net/web   |       |     2 |       ||     2
 Armour: Leather armour    |    50 |    57 |    91 ||   198
         Ring mail         |       |       |   131 ||   131
         Skin              |       |       |   129 ||   129
  Dodge: Dodged            |   106 |   138 |   360 ||   604
  Block: Other             |    32 |    43 |    75 ||   150

Table legend: (Time is in decaauts)
 A = Elapsed time spent in this place.
 B = Non-inter-level travel time spent in this place.
 C = Inter-level travel time spent in this place.
 D = Time resting spent in this place.
 E = Time spent auto-exploring this place.
 F = Levels seen in this place.
 G = Mean time per level.
                   A        B        C        D        E       F      G
               +--------+--------+--------+--------+--------+-----+--------+
         Total |   9309 |   9051 |    258 |   2913 |   4461 |   8 | 1163.6 |
       Dungeon |   9091 |   8870 |    221 |   2913 |   4291 |   7 | 1298.7 |
        Temple |    217 |    180 |     37 |      0 |    170 |   1 |  217.0 |
               +--------+--------+--------+--------+--------+-----+--------+

Top non-repeatable levels by time:
     D:4: 1721 daAuts
     D:6: 1713 daAuts
     D:5: 1643 daAuts
     D:7: 1309 daAuts
     D:1: 934 daAuts
     D:2: 902 daAuts
     D:3: 868 daAuts
  Temple: 217 daAuts
